 Dungeon Sprint DCSS version 0.31-a0-799-g6bc09d010c (webtiles) character file.

Game seed: 8918419954522660543

941 sircluck the Grappler (level 7, -3/81 HPs)
             Began as a Troll Berserker on Sept 19, 2023.
             Was a High Priest of Trog.
             Slain by a two-headed ogre
             ... wielding a +0 giant club
              (26 damage)
             ... in the Dungeon (Sprint III: "The Ten Rune Challenge").
             The game lasted 00:01:30 (469 turns).

sircluck the Grappler (Troll Berserker)              Turns: 469, Time: 00:01:31

Health: -3/81      AC:  8    Str: 27    XL:     7   Next: 88%
Magic:  6/6        EV: 11    Int:  7    God:    Trog [*****.]
Gold:   17         SH:  0    Dex:  8    Spells: 6/6 levels left

rFire   . .          .
                       - Unarmed
rCold   + . .        (no shield)
rNeg    . . .        h - +1 robe {rC+}
rPois   +            p - +2 hat
rElec   .            j - +0 cloak
rCorr   .            (gloves unavailable)
SInv    .            (boots unavailable)
Will    .....        (no amulet)
Stlth   +            (no ring)
HPRegen 1.13/turn    (no ring)
MPRegen 0.10/turn

%: no teleportation
@: no status effects
A: large, unfitting armour, claws 3, regeneration 1, shaggy fur 1, tough skin 1,
clever 1, poison resistance
a: Renounce Religion, Berserk, Trog's Hand, Brothers in Arms


You were in the Dungeon.
You worshipped Trog.
Trog was extremely pleased with you.
You visited 1 branch You collected 17 gold pieces.

Inventory:

Armour
 a - a +0 animal skin
 h - a +1 robe of cold resistance (worn)
 j - a +0 cloak (worn)
 p - a +2 hat (worn)
Wands
 o - a wand of flame (13)
Scrolls
 g - 2 scrolls of blinking
 i - 2 scrolls of immolation {unknown}
 l - 2 scrolls of identify {unknown}
 n - 3 scrolls of torment {unknown}
Potions
 b - a potion of curing
 c - a potion of heal wounds
 d - a potion of haste
 e - 2 potions of magic
 f - a potion of berserk rage
 k - 4 potions of mutation
 m - 2 potions of enlightenment {unknown}


   Skills:
 + Level 8.9 Fighting
 + Level 8.8 Dodging
 + Level 10.5 Unarmed Combat


You had 6 spell levels left.
You didn't know any spells.
Your spell library was empty.

Dungeon Overview and Level Annotations

Branches:
Dungeon (1/1)

Altars:
Dithmenos
Elyvilon
Kikubaaqudgha
Okawaru
Ru
Sif Muna
Trog
Uskayaw
Vehumet
Wu Jian
Yredelemnul
Zin
The Shining One


Innate Abilities, Weirdness & Mutations

You are too large for most types of armour.
You have claws for hands.
Your natural rate of healing is unusually fast.
You are covered in fur. (AC +1)
You have tough skin. (AC +1)
Your mind is acute. (Int +4, Str/Dex -1)
Your system is resistant to poisons. (rPois)


Message History

The two-headed ogre shouts in stereo!
You scratch the two-headed ogre.
The two-headed ogre is lightly wounded.
The two-headed ogre hits you with a +0 giant club!
The two-headed ogre barely misses you.
You claw the two-headed ogre!
The two-headed ogre is heavily wounded.
You claw the two-headed ogre!
The two-headed ogre is almost dead.
The two-headed ogre hits you with a +0 giant club!!
The two-headed ogre hits you with a +0 dire flail!
* * * LOW HITPOINT WARNING * * *
You are too injured to fight recklessly!
You are too injured to fight recklessly!
You are too injured to fight recklessly!
You are too injured to fight recklessly!
You are too injured to fight recklessly!
You are too injured to fight recklessly!
You are too injured to fight recklessly!
You scratch the two-headed ogre.
You kill the two-headed ogre!
Trog accepts your kill. Trog grants you a weapon!
Something appears at your feet!
You see here a +2 antimagic lajatang.
Unknown command.
Unknown command.
You claw the two-headed ogre!
The two-headed ogre is lightly wounded.
You mangle the two-headed ogre!!
The two-headed ogre is severely wounded.
The two-headed ogre hits you with a +0 giant club!!
* * * LOW HITPOINT WARNING * * *
The two-headed ogre misses you.
You claw the two-headed ogre!
The two-headed ogre is almost dead.
You feel much better.
You mangle the two-headed ogre!!
The two-headed ogre is heavily wounded.
The two-headed ogre hits you with a +0 giant club!!
You die...

♣♣.###'#)###[##
.♣.#..........#
♣..'.⌠........#
.♣.#...######'#
...#.⌠.# #...#
# # ...#...#
#...# .#.#
...#[### #...##
#.. ...#.::#
#...'##O#
...#___#
+...#.@O#
▓▓▓▓▓▓▓▓
▓▓▓▓▓▓▓▓▓


You could see 2 two-headed ogres.

Vanquished Creatures
  A shadow (D)
  A two-headed ogre (D)
  A water elemental (D)
  A necrophage (D)
  Crazy Yiuf (D)
  A jelly (D)
  A wizard (D)
  Jessica (D)
  A necromancer (D)
  3 humans (D)
  A kobold demonologist (D)
  An endoplasm (D)
  2 rats (D)
16 creatures vanquished.

Vanquished Creatures (others)
  A deep elf pyromancer (D)
1 creature vanquished.

Grand Total: 17 creatures vanquished

Notes
Turn   | Place    | Note
-------+----------+-------------------------------------------
     0 | D        | sircluck the Troll Berserker began the quest for the Orb.
     0 | D        | Reached XP level 1. HP: 22/22 MP: 0/0
    14 | D        | Noticed Jessica
    15 | D        | Reached ** piety under Trog
    18 | D        | Killed Jessica
    19 | D        | Reached skill level 4 in Unarmed Combat
    19 | D        | Reached XP level 2. HP: 32/32 MP: 1/1
    19 | D        | Reached XP level 3. HP: 39/39 MP: 2/2
    68 | D        | Noticed Crazy Yiuf
    81 | D        | Killed Crazy Yiuf
    81 | D        | Reached *** piety under Trog
    82 | D        | Reached skill level 5 in Unarmed Combat
    82 | D        | Reached XP level 4. HP: 10/49 MP: 3/3
   103 | D        | Gained mutation: Your system is resistant to poisons.
                  | (rPois) [potion of mutation]
   103 | D        | Gained mutation: Your mind is acute. (Int +4, Str/Dex -1)
                  | [potion of mutation]
   130 | D        | Noticed a water elemental
   137 | D        | Killed a water elemental
   138 | D        | Reached skill level 5 in Fighting
   138 | D        | Reached skill level 5 in Dodging
   138 | D        | Reached skill level 6 in Unarmed Combat
   266 | D        | Found a basalt altar of Yredelemnul.
   266 | D        | Found a shadowy altar of Dithmenos.
   266 | D        | Found a sacrificial altar of Ru.
   266 | D        | Noticed a necrophage
   272 | D        | Reached XP level 5. HP: 53/59 MP: 4/4
   276 | D        | Reached skill level 7 in Unarmed Combat
   295 | D        | Found a radiant altar of Vehumet.
   295 | D        | Found a shimmering blue altar of Sif Muna.
   295 | D        | Found an ancient bone altar of Kikubaaqudgha.
   300 | D        | Noticed a hellwing
   300 | D        | Reached **** piety under Trog
   315 | D        | Found a hide-covered altar of Uskayaw.
   315 | D        | Found an iron altar of Okawaru.
   315 | D        | Found a bloodstained altar of Trog.
   315 | D        | Found an ornate altar of the Wu Jian Council.
   315 | D        | Noticed a human
   316 | D        | Noticed a human
   325 | D        | Killed a human
   326 | D        | Reached skill level 8 in Unarmed Combat
   326 | D        | Reached XP level 6. HP: 45/71 MP: 5/5
   331 | D        | Killed a human
   332 | D        | Reached skill level 9 in Unarmed Combat
   332 | D        | Reached XP level 7. HP: 56/79 MP: 6/6
   351 | D        | Found a glowing silver altar of Zin.
   352 | D        | Found a glowing golden altar of the Shining One.
   352 | D        | Found a white marble altar of Elyvilon.
   352 | D        | Noticed a deep elf pyromancer
   357 | D        | Noticed a fire elemental
   357 | D        | Noticed a fire elemental
   361 | D        | Noticed a fire elemental
   363 | D        | Killed a deep elf pyromancer
   430 | D        | Noticed a shadow
   434 | D        | Killed a shadow
   434 | D        | Reached ***** piety under Trog
   435 | D        | Reached skill level 10 in Unarmed Combat
   464 | D        | Received a gift from Trog
   466 | D        | HP: 3/81 [two-headed ogre/+0 giant club (24)]
   469 | D        | Slain by a two-headed ogre

Illustrated notes

Levels and vault maps discovered:
D:        dungeon_sprint_mu [sprint_mu_entry_forest, sprint_mu_temple_rooms,
          sprint_mu_d1_spiders, sprint_mu_d2_genie, sprint_mu_d3_branching,
          sprint_mu_orc_legion, sprint_mu_elf_gauntlet, sprint_mu_hive_nellie,
          sprint_mu_lair_fedhas, sprint_mu_vaults_butterflies,
          sprint_mu_slime_circle, sprint_mu_shoals_archi,
          sprint_mu_snake_twists, sprint_mu_blade_basic,
          sprint_mu_crypt_fortress, sprint_mu_tomb_spiral,
          sprint_mu_vestibule_basic, sprint_mu_gehenna_hellfire,
          sprint_mu_dis_giant, sprint_mu_tartarus_statrot,
          sprint_mu_cocytus_islands, sprint_mu_zot1]

Skill      XL: |  1  2  3  4  5  6  7 |
---------------+----------------------+-----
Fighting       | 3 4 5 7 8 |  8.9
Dodging        | 3 4 5 7 8 |  8.8
Unarmed Combat | 4 5 6 8 9 10 | 10.5

Action                     |  1- 3 |  4- 6 |  7- 9 || total
---------------------------+-------+-------+-------++-------
  Melee: Unarmed           |    30 |    33 |    21 ||    84
         Punch             |       |       |     1 ||     1
 Invoke: Berserk           |       |     1 |       ||     1
    Use: Potion            |       |     1 |     1 ||     2
 Armour: Animal skin       |     3 |       |       ||     3
         Robe              |    11 |    19 |    11 ||    41
  Dodge: Dodged            |     8 |    12 |     8 ||    28

Table legend: (Time is in decaauts)
 A = Elapsed time spent in this place.
 B = Non-inter-level travel time spent in this place.
 C = Inter-level travel time spent in this place.
 D = Time resting spent in this place.
 E = Time spent auto-exploring this place.
 F = Levels seen in this place.
 G = Mean time per level.
                   A        B        C        D        E       F      G
               +--------+--------+--------+--------+--------+-----+--------+
         Total |    469 |    469 |      0 |    171 |     78 |   1 |  469.0 |
       Dungeon |    469 |    469 |      0 |    171 |     78 |   1 |  469.0 |
               +--------+--------+--------+--------+--------+-----+--------+

Top non-repeatable levels by time:
       D: 469 daAuts
